AoeStats
← [Massa] Edo

Lombardia

510240740Analyzed
2v2 RM · 12h ago on Sep 30, 2026· 28m 2s· 4 players
Game mode
Random Map
Map size
Medium (4 player)
Population
200
Speed
Normal
Resources
Standard
Victory
Conquest
Starting age
Dark Age
Ending age
Imperial Age
RankedLock teamsTeams togetherTeam positionsShared explorationLock speedFull tech treeHidden civsTurbo modeCheats
Victory
Defeat
🇦🇷 Ethiopians · Argentina
1626
+7
🇲🇽 Franks · Mexico
1525
+10
🇧🇷 Mongols · Brazil
1407
-9
🇧🇷 Saxons · Brazil
1391
-8
[Massa] Edo
9:34 Feudal Age
13:43 Castle Age
12:57 Double-Bit Axe
12:54 Horse Collar
17:13 Ballistics
22:08 Loom
tg
6:48 Loom
8:58 Feudal Age
10:48 Horse Collar
10:54 Double-Bit Axe
24:18 Wheelbarrow
26:35 Castle Age
panzasmagno
6:20 Loom
9:13 Feudal Age
10:09 Double-Bit Axe
13:54 Loom
17:07 Forging
17:36 Scale Barding Armor
21:50 Castle Age
21:52 Light Cavalry
23:00 Chain Barding Armor
23:18 Husbandry
27:32 Wheelbarrow
DiegoRasta
7:11 Loom
9:19 Feudal Age
10:02 Double-Bit Axe
14:07 Fletching
15:03 Horse Collar
18:59 Wheelbarrow
22:22 Castle Age
21:48 Padded Archer Armor
21:39 Gold Mining
23:06 Bodkin Arrow
22:32 Crossbowman
23:49 Bow Saw
25:19 Ballistics
25:29 Leather Archer Armor
26:25 Thumb Ring
Connection lost

Rejoining the realm…

Still unreachable

The connection could not be restored.

Session expired

The server has moved on; the page needs a fresh start.